cohdb
Replays
Latest Replays
All Replays
Popular Replays
Top Player Replays
Match Explorer
How It Works
Community
CoH3 Stats
Reddit
Sign in to upload your games and track your stats! →
Sign in with Steam
When Bot is better than player
Match 15251401
Overview
Messages
Build Orders
End
Construct Infanterie Kompanie
MG 42 Machine Gun Team
Grenadier Squad
GrW 34 Mortar Team
Grenadier Squad
Selects Luftwaffe Battlegroup
Selects Stuka Strafing Run
Construct Luftwaffe Kompanie
Stuka Strafing Run
Jäger Squad
Support Elements
Jäger Squad
Medical Station
Stuka Strafing Run
Wirbelwind Flakpanzer
Selects Fallschirmjäger Squad Paradrop
Wirbelwind Flakpanzer
Fallschirmjäger Squad Paradrop
Stuka Strafing Run
Jäger Squad
Selects Stuka Loiter
Stuka Strafing Run
Construct Panzergrenadier Kompanie
Wirbelwind Flakpanzer
Selects Fallschirmpioneer Squad Paradrop
Selects LG40 Recoilless Launcher Paradrop
Selects Flak 36 Anti-tank Gun Emplacement
Nebelwerfer 42 Rocket Launcher Team
Stuka Loiter
Stuka Strafing Run
Jäger Squad
Stuka Strafing Run
Panzergrenadier Squad
Panzergrenadier Squad
Stuka Loiter
Wirbelwind Flakpanzer
Stuka Loiter
Fallschirmjäger Squad Paradrop
Construct Panzer Kompanie
Stuka Strafing Run
Pioneer Squad
Stuka Strafing Run
Sturmpanzer IV Brummbär
Stuka Loiter
AI Takeover
Dirty Timbs
Zeuge
Para_Dilshan
Rackkham
POUP
ReiZer AK
0
0
Comments
sign in to comment!
No comments posted yet!